 Dungeon Crawl Stone Soup version 0.28.0 (webtiles) character file.

Game seed: 10042804593708596491

3163 4FPSwarrior the Reanimator (level 9, 0/69 HPs)
             Began as a Vampire Necromancer on Feb 5, 2022.
             Slain by a yak (10 damage)
             ... on level 7 of the Dungeon.
             The game lasted 00:29:43 (8977 turns).

4FPSwarrior the Reanimator (Vampire Necromancer)    Turns: 8977, Time: 00:29:43

Health: 0/69       AC:  8    Str: 16    XL:     9   Next: 63%
Magic:  1/17       EV: 11    Int: 19    God:
Gold:   295        SH:  0    Dex: 20    Spells: 7/18 levels left

rFire   . . .      SeeInvis +   j - +0 long sword
rCold   . . .      Faith    .   (no shield)
rNeg    . . .      Spirit   .   p - +1 ring mail "Racin Xae" {Str+4 Dex+5}
rPois   .          Reflect  .   (no helmet)
rElec   .          Harm     .   f - +0 cloak
rCorr   .          Rampage  .   (no gloves)
Will    .....                   v - +0 pair of boots "Eghutuut" {Str+3}
Stlth   ++++......              (no amulet)
HPRegen 0.41/turn               (no ring)
MPRegen 0.15/turn               (no ring)

@: healing quickly
A: alive, fangs 3, see invisible, vampiric 2
a: Exsanguinate


You were on level 7 of the Dungeon.
You visited 1 branch of the dungeon, and saw 8 of its levels.

You collected 295 gold pieces.

Inventory:

Hand Weapons
 e - a +0 dagger
 j - a +0 long sword (weapon)
Missiles
 l - 3 javelins (quivered)
 y - a curare-tipped dart
Armour
 f - a +0 cloak (worn)
 p - the +1 ring mail "Racin Xae" (worn) {Str+4 Dex+5}
   (You found it on level 5 of the Dungeon)

   Str:       It affects your strength (+4).
   Dex:       It affects your dexterity (+5).
 v - the +0 pair of boots "Eghutuut" (worn) {Str+3}
   (You found it on level 6 of the Dungeon)

   Str:       It affects your strength (+3).
Jewellery
 c - an amulet of faith
Wands
 g - a wand of polymorph (10)
 x - a wand of iceblast (11)
 z - a wand of flame (18)
 B - a wand of charming (9)
Scrolls
 d - a scroll of amnesia {unknown}
 i - 2 scrolls of noise {unknown}
 k - 3 scrolls of enchant weapon
 n - 2 scrolls of fog
 o - a scroll of teleportation {unknown}
 r - 5 scrolls of enchant armour
 t - 3 scrolls of magic mapping
 u - a scroll of brand weapon {unknown}
 w - a scroll of blinking {unknown}
 D - a scroll of fear {unknown}
Potions
 a - a potion of magic
 b - 3 potions of curing
 h - a potion of berserk rage {unknown}
 m - 2 potions of resistance
 q - 2 potions of flight
 s - 2 potions of mutation
 A - 2 potions of lignification {unknown}
 C - a potion of brilliance


   Skills:
 * Level 6.1 Fighting
 - Level 2.1 Dodging
 + Level 8.5 Stealth
 + Level 5.4 Spellcasting
 + Level 4.4 Hexes
 * Level 9.4 Necromancy
 + Level 2.4 Translocations


You had 7 spell levels left.
You knew the following spells:

 Your Spells              Type           Power      Damage    Failure   Level
a - Pain                  Necr           100%       1d9       1%          1
b - Vampiric Draining     Necr           41%        2d8       1%          3
c - Animate Dead          Necr           20%        N/A       4%          4
d - Portal Projectile     Hex/Tloc       36%        N/A       16%         3

Your spell library contained the following spells:

 Spells                   Type           Power      Damage    Failure   Level
 Animate Skeleton         Necr           82%        N/A       1%          1
 Agony                    Necr           41%        N/A       13%         5
 Call Canine Familiar     Summ           5%         N/A       56%         3
 Leda's Liquefaction      Hex/Erth       6%         N/A       65%         4
 Animate Armour           Summ/Erth      10%        N/A       92%         4
 Blade Hands              Tmut           2%         N/A       99%         5
 Conjure Ball Lightning   Conj/Air       2%         3x3d6     100%        6
 Iron Shot                Conj/Erth      2%         9d2       100%        6
 Discord                  Hex            11%        N/A       100%        8
 Disjunction              Tloc           7%         N/A       100%        8


Dungeon Overview and Level Annotations

Branches:
Dungeon (8/15)
 Temple: D:4-7         Lair: D:8-11

Altars:

Shops:
D:4 (

Annotations:
D:5 exclusion: ogre


Innate Abilities, Weirdness & Mutations

Your natural rate of healing is accelerated.
You have razor-sharp teeth.
You have supernaturally acute eyesight. (SInv)
You are afflicted with vampirism and can become a bat while bloodless.


Message History

Confirm with . or Enter, or press ? or * to list all spells.
Aiming: Pain (safe; 1% risk of failure)
Press: ? - help, Shift-Dir - straight line, f/p - yak
Aim: a yak (heavily wounded, chance to affect: 83%)
The yak writhes in agony.
The yak gores you!
Casting: Pain (safe; 1% risk of failure)
Confirm with . or Enter, or press ? or * to list all spells.
Aiming: Pain (safe; 1% risk of failure)
Press: ? - help, Shift-Dir - straight line, f/p - yak
Aim: a yak (heavily wounded, chance to affect: 83%)
The yak writhes in agony.
The yak gores you!
Casting: Pain (safe; 1% risk of failure)
Confirm with . or Enter, or press ? or * to list all spells.
Aiming: Pain (safe; 1% risk of failure)
Press: ? - help, Shift-Dir - straight line, f/p - yak
Aim: a yak (severely wounded, chance to affect: 83%)
The yak barely resists.
The yak gores you but does no damage.
Casting: Pain (safe; 1% risk of failure)
Confirm with . or Enter, or press ? or * to list all spells.
Aiming: Pain (safe; 1% risk of failure)
Press: ? - help, Shift-Dir - straight line, f/p - yak
Aim: a yak (severely wounded, chance to affect: 83%)
The yak writhes in agony.
The yak gores you but does no damage.
Casting: Pain (safe; 1% risk of failure)
Confirm with . or Enter, or press ? or * to list all spells.
Aiming: Pain (safe; 1% risk of failure)
Press: ? - help, Shift-Dir - straight line, f/p - yak
Aim: a yak (severely wounded, chance to affect: 83%)
The yak writhes in agony.
The yak gores you!
* * * LOW HITPOINT WARNING * * *
Casting: Pain (safe; 1% risk of failure)
Confirm with . or Enter, or press ? or * to list all spells.
Aiming: Pain (safe; 1% risk of failure)
Press: ? - help, Shift-Dir - straight line, f/p - yak
Aim: a yak (almost dead, chance to affect: 83%)
The yak writhes in agony.
The yak gores you but does no damage.
You feel better. The yak gores you!
* * * LOW HITPOINT WARNING * * *
You feel better. The yak gores you!
You die...

###......##......................
..###...####.##.##.....#.#.......
.#####(## #..##.###....###.......
.# #...# ##.(#...........#.......
####)..###......#.#.....###......
###............####......##..####
##...###.####..##.......###.#####
.....###..# #.......#..........#.
.....#...## ##.Y@.####.>...##....
.....[)..# ##.#..###....#####...
.....>[..## #..####...#..# #..#
..........# ##...##...##.#####.##
..........# #......####....##.##
.(........####.....## ##...##.#.
......###...#..#.### ##.......
................## #######.###.#
.#...##......########.#.##..#####


You could see a yak.

Vanquished Creatures
  Sigmund (D:2)
  3 yaks (D:8)
  2 water moccasins
  3 ice beasts
  3 ogres
  2 centaurs
  3 necrophages
  4 bullfrogs
  A kobold brigand (D:7)
  2 scorpions (D:5)
  A wyvern skeleton (D:7)
  2 water moccasin skeletons
  2 wights (D:4)
  5 killer bees (D:7)
  A bullfrog zombie (D:6)
  3 hounds
  A jelly (D:6)
  2 bullfrog skeletons
  2 centaur skeletons
  3 iguanas
  A hound skeleton (D:4)
  A howler monkey zombie (D:6)
  6 adders
  3 gnolls (D:3)
  A shadow imp (D:7)
  3 white imps (D:7)
  An ufetubus (D:6)
  2 dart slugs
  16 orcs
  7 ball pythons
  3 endoplasms
  5 giant cockroaches
  2 goblins (D:1)
  3 hobgoblins (D:1)
  7 jackals
  6 kobolds
  6 bats
  3 frilled lizards (D:1)
  5 rats
127 creatures vanquished.

Vanquished Creatures (others)
  45 fungi (D:8)
  54 plants (D:8)
99 creatures vanquished.

Grand Total: 226 creatures vanquished

Notes
Turn   | Place    | Note
-------+----------+-------------------------------------------
     0 | D:1      | 4FPSwarrior the Vampire Necromancer began the quest for the
                  | Orb.
     0 | D:1      | Reached XP level 1. HP: 13/13 MP: 3/3
   252 | D:1      | Reached XP level 2. HP: 20/20 MP: 0/5
   629 | D:1      | Reached skill level 1 in Fighting
  1012 | D:1      | Gained mutation: You are afflicted with vampirism and can
                  | become a bat while bloodless. [Vampire growth]
  1012 | D:1      | Reached XP level 3. HP: 26/26 MP: 4/6
  1040 | D:1      | Found a faded altar of an unknown god.
  1242 | D:1      | Learned a level 3 spell: Vampiric Draining
  1354 | D:2      | Reached skill level 5 in Necromancy
  1427 | D:2      | Noticed Sigmund
  1609 | D:3      | Noticed a water moccasin
  1827 | D:3      | Reached XP level 4. HP: 32/33 MP: 5/8
  2544 | D:4      | Noticed an ogre
  2597 | D:4      | Learned a level 4 spell: Animate Dead
  2639 | D:4      | Reached XP level 5. HP: 37/38 MP: 6/9
  2650 | D:4      | Found Luvot's Weapon Shoppe.
  2683 | D:4      | Killed an ogre
  2827 | D:4      | Reached skill level 6 in Necromancy
  3259 | D:5      | Entered Level 5 of the Dungeon
  3285 | D:5      | Noticed an ogre
  3417 | D:5      | Reached XP level 6. HP: 43/46 MP: 9/11
  3511 | D:5      | Identified the +1 ring mail "Racin Xae" {Str+4 Dex+5}
  3617 | D:5      | Noticed a water moccasin
  3871 | D:2      | Killed Sigmund
  3872 | D:2      | Reached skill level 5 in Stealth
  3872 | D:2      | Reached XP level 7. HP: 45/52 MP: 5/12
  4184 | D:3      | Reached skill level 7 in Necromancy
  4830 | D:6      | Identified the +0 pair of boots "Eghutuut" {Str+3}
  5105 | D:6      | Reached XP level 8. HP: 60/60 MP: 14/14
  5326 | D:6      | Learned a level 3 spell: Portal Projectile
  5802 | D:7      | Reached skill level 1 in Hexes
  5915 | D:7      | Reached skill level 8 in Necromancy
  6284 | D:7      | Reached skill level 1 in Translocations
  6744 | D:4      | Reached skill level 5 in Fighting
  7218 | D:5      | Reached XP level 9. HP: 68/68 MP: 16/16
  7272 | D:5      | Reached skill level 5 in Spellcasting
  8087 | D:6      | Reached skill level 9 in Necromancy
  8977 | D:7      | Slain by a yak

Illustrated notes

Levels and vault maps discovered:
D:1:      co_arrival_random_square_maze, layout_rooms,
          ebering_ecumenical_altar_box, minmay_indecisive_spiral
D:2:      layout_basic, nicolae_concentric_dashed_squares_mild, uniq_sigmund
D:3:      layout_rooms
D:4:      layout_cave_pools, serial_rivers, chequers_serial_rivers_micro_b,
          chequers_serial_rivers_micro_e, chequers_serial_rivers_marsh,
          chequers_serial_rivers_micro_a, chequers_serial_rivers_room_a,
          chequers_serial_rivers_micro_b, serial_shops, kennysheep_little_box
D:5:      lemuel_ice_spiral_2, layout_basic,
          minmay_temple_entry_enclosed_plants, amcnicky_mini_pool_small,
          grunt_ministairs_13
D:6:      layout_basic
D:7:      layout_cave_pools, minmay_fractal_squares_5
D:8:      layout_basic, due_lair_maze_entry_diamond, uniq_erica

Skill      XL: |  1  2  3  4  5  6  7  8  9 |
---------------+----------------------------+-----
Fighting       | 1 2 3 5 6 |  6.1
Necromancy     | 5 6 7 8 9 |  9.4
Spellcasting   | 3 4 5 |  5.4
Stealth        | 4 5 6 7 8 |  8.5
Hexes          | 3 4 |  4.4
Translocations | 1 2 |  2.4
Dodging        | |  2.1

Action                   |  1- 3 |  4- 6 |  7- 9 || total
-------------------------+-------+-------+-------++-------
Melee: Unarmed           |     7 |       |       ||     7
       Dagger            |     3 |     1 |       ||     4
       Long sword        |       |    25 |   110 ||   135
       Bite              |       |     3 |    23 ||    26
       Punch             |       |       |     1 ||     1
Throw: Javelin           |       |       |     3 ||     3
 Cast: Pain              |    90 |    68 |   198 ||   356
       Vampiric Draining |       |       |     3 ||     3
       Animate Dead      |       |       |     1 ||     1
  Use: Scroll            |     2 |       |     9 ||    11
       Potion            |     1 |       |     4 ||     5
 Stab: Sleeping          |       |     1 |       ||     1
Armor: Robe              |     6 |     1 |       ||     7
       Ring mail         |       |     4 |   112 ||   116
Dodge: Dodged            |    46 |    36 |   174 ||   256
